AoeStats
← 神圣罗马帝国 | Holy Roman

African Clearing

510898876Analyzed
4v4 RM · 18h ago on Oct 3, 2026· 42m 45s· 8 players
Game mode
Random Map
Map size
Large (8 player)
Population
200
Speed
Normal
Resources
Standard
Victory
Conquest
Starting age
Dark Age
Ending age
Imperial Age
RankedLock teamsTeams togetherTeam positionsShared explorationLock speedFull tech treeHidden civsTurbo modeCheats
Victory
Defeat
🇨🇴 Mongols · Colombia
1423
+11
🇬🇧 Franks · United Kingdom
1325
+14
🇨🇴 Huns · Colombia
1315
+15
🇺🇸 Persians · United States
1310
+15
1338
-16
🇫🇷 Vietnamese · France
1329
-15
🇵🇪 Armenians · Peru
1286
-13
🇫🇷 Berbers · France
1211
-11
Showergod
13:30 Feudal Age
14:14 Loom
14:33 Double-Bit Axe
16:53 Castle Age
15:27 Gold Mining
15:45 Scale Barding Armor
16:04 Bloodlines
16:22 Scale Barding Armor
17:48 Husbandry
21:33 Horse Collar
24:00 Stone Mining
26:28 Bow Saw
27:26 Wheelbarrow
27:31 Heavy Plow
28:13 Ballistics
29:58 Kamandaran
29:41 Crossbowman
30:44 Hand Cart
31:26 Forging
33:22 Gold Shaft Mining
32:44 Fletching
32:55 Padded Archer Armor
36:09 Imperial Age
34:01 Squires
33:59 Bodkin Arrow
34:57 Leather Archer Armor
35:08 Thumb Ring
36:58 Crop Rotation
37:30 Two-Man Saw
36:53 Conscription
37:19 Ring Archer Armor
37:57 Chain Barding Armor
38:20 Elite War Elephant
40:31 Plate Barding Armor
43:04 Iron Casting
A6D2_4EVER
2:46 Loom
14:43 Feudal Age
15:23 Double-Bit Axe
19:07 Castle Age
18:15 Fletching
20:03 Bodkin Arrow
20:33 Bow Saw
27:27 Ballistics
27:14 Husbandry
29:03 Wheelbarrow
29:12 Town Watch
32:45 Horse Collar
34:38 Heavy Plow
36:07 Stone Mining
36:13 Gold Mining
36:51 Hand Cart
40:16 Imperial Age
37:57 Marauders
39:07 Gold Shaft Mining
38:53 Scale Barding Armor
38:59 Forging
39:33 Bloodlines
40:51 Chain Barding Armor
41:07 Iron Casting
40:21 Elite Tarkan
41:22 Conscription
42:08 Plate Barding Armor
42:45 Two-Man Saw
dialchacri
10:40 Loom
13:13 Feudal Age
17:13 Castle Age
16:12 Double-Bit Axe
26:22 Town Watch
27:58 Bow Saw
28:18 Horse Collar
32:45 Wheelbarrow
38:59 Imperial Age
37:12 Gold Mining
37:12 Stone Mining
38:48 Ballistics
38:57 Hand Cart
40:03 Drill
40:04 Conscription
40:26 Fletching
40:06 Capped Ram
41:12 Bodkin Arrow
41:09 Onager
43:20 Chemistry
Sheepeehs
6:06 Loom
12:29 Feudal Age
13:27 Double-Bit Axe
24:28 Castle Age
24:25 Scale Barding Armor
24:20 Gold Mining
25:56 Wheelbarrow
25:38 Bow Saw
27:18 Wheelbarrow
26:59 Forging
30:53 Husbandry
31:21 Fervor
31:34 Sanctity
34:14 Fletching
39:52 Town Watch
HeN.Wun
7:46 Loom
14:44 Feudal Age
18:47 Castle Age
17:06 Double-Bit Axe
19:35 Fletching
23:48 Stone Mining
26:41 Bodkin Arrow
26:59 Bloodlines
29:30 Husbandry
30:40 Ballistics
31:04 Padded Archer Armor
37:31 Bow Saw
39:36 Wheelbarrow
38:47 Town Watch
HeN.AlcoOlo
5:54 Loom
13:48 Feudal Age
17:27 Castle Age
15:33 Double-Bit Axe
17:40 Town Watch
19:18 Fletching
31:41 Bodkin Arrow
32:20 Ballistics
32:03 Padded Archer Armor
35:04 Leather Archer Armor
35:58 Bow Saw
42:21 Imperial Age
40:28 Wheelbarrow
40:18 Horse Collar
BP | Nolo2609
5:12 Loom
13:16 Feudal Age
13:46 Double-Bit Axe
16:19 Town Watch
19:51 Castle Age
18:03 Gold Mining
18:43 Horse Collar
23:20 Fletching
27:13 Padded Archer Armor
30:01 Bodkin Arrow
31:28 Leather Archer Armor
32:34 Pikeman
34:05 Ballistics
34:22 Bow Saw
35:44 Wheelbarrow
36:44 Masonry
37:25 Scale Mail Armor
38:53 Gold Shaft Mining
38:09 Stone Mining
38:57 Town Patrol
42:16 Heavy Plow
44:54 Imperial Age
神圣罗马帝国 | Holy Roman
7:07 Loom
14:14 Feudal Age
14:54 Double-Bit Axe
21:25 Castle Age
27:38 Bow Saw
29:56 Horse Collar
33:54 Gold Mining
34:44 Heavy Plow
35:33 Wheelbarrow
37:22 Hand Cart
37:43 Forging
37:34 Scale Mail Armor
37:46 Squires
39:07 Iron Casting
38:30 Stone Mining
39:30 Chain Mail Armor
39:49 Town Watch
40:07 Fletching
44:33 Imperial Age
42:12 Bodkin Arrow
Connection lost

Rejoining the realm…

Still unreachable

The connection could not be restored.

Session expired

The server has moved on; the page needs a fresh start.